| TOP OF THE 1ST |
|
Colon Scallywags batting - Pitching for Merida Olas : RHP Danny Darwin
|
|
Pitching: RHP Danny Darwin
|
|
|
Batting: RHB Phil Bradley
|
0-0: Fly out, F8 (Flyball, 8LD, EV 106.3 MPH)
|
|
Batting: RHB Marty G Barrett
|
0-0: Ball 1-0: Ball 2-0: Called Strike 2-1: Foul Ball, location: 2F 2-2: Ground out 6-3 (Groundball, 6, EV 86.9 MPH)
|
|
Batting: SHB Jordan Ayala
|
0-0: Ball 1-0: Ground out U3 (Groundball, 3L, EV 110.0 MPH)
|
| Top of the 1st over - 0 runs, 0 hits, 0 errors, 0 left on base; Colon 0 - Merida 0 |
| BOTTOM OF THE 1ST |
|
Merida Olas batting - Pitching for Colon Scallywags : LHP David Wells
|
|
Pitching: LHP David Wells
|
|
|
Batting: LHB La Schelle Tarver
|
0-0: SINGLE (Line Drive, 9S, EV 95.0 MPH)
|
|
Batting: RHB Bob Bathe
|
0-0: Grounds into double play, 5-4-3 (Groundball, 56, EV 81.3 MPH)
|
|
Batting: LHB Gary Jones
|
0-0: Called Strike 0-1: Ball 1-1: Ball 2-1: SINGLE (Line Drive, 34D, EV 99.4 MPH)
|
|
Batting: LHB Ronald Little
|
0-0: Called Strike 0-1: Ball 1-1: Fly out, F7 (Flyball, 78M, EV 75.0 MPH)
|
| Bottom of the 1st over - 0 runs, 2 hits, 0 errors, 1 left on base; Colon 0 - Merida 0 |
| TOP OF THE 2ND |
|
Colon Scallywags batting - Pitching for Merida Olas : RHP Danny Darwin
|
|
Batting: RHB Joe Carter
|
0-0: Called Strike 0-1: Ball 1-1: Called Strike 1-2: Ball 2-2: Foul Ball, location: 2F 2-2: SINGLE (Groundball, 56D, EV 106.9 MPH)
|
|
Batting: LHB Sid Bream
|
0-0: Ball 1-0: SINGLE (Line Drive, 9S, EV 105.0 MPH) Joe Carter to second
|
|
Batting: SHB Johnny Ray
|
0-0: Called Strike 0-1: Ball 1-1: Called Strike 1-2: Ball 2-2: Ball 3-2: Strikes out swinging
|
|
Batting: RHB Gerry Davis
|
0-0: Swinging Strike 0-1: Foul Ball, location: 2F 0-2: 3-RUN HOME RUN (Flyball, 78XD, EV 106.3 MPH), Distance : 437 ft
|
|
Batting: RHB Edwin Agudelo
|
0-0: Called Strike 0-1: Ball 1-1: Called Strike 1-2: Ball 2-2: Ball 3-2: Strikes out swinging
|
|
Batting: RHB Alejandro Luna
|
0-0: Called Strike 0-1: Ball 1-1: Ball 2-1: SINGLE (Groundball, 6MS, EV 72.5 MPH) (infield hit)
|
|
Batting: RHB Phil Bradley
|
0-0: Foul Ball, location: 2F 0-1: Swinging Strike 0-2: Ball 1-2: Fly out, F9 (Flyball, 9LS, EV 89.4 MPH)
|
| Top of the 2nd over - 3 runs, 4 hits, 0 errors, 1 left on base; Colon 3 - Merida 0 |
| BOTTOM OF THE 2ND |
|
Merida Olas batting - Pitching for Colon Scallywags : LHP David Wells
|
|
Batting: LHB Mike L Hart
|
0-0: Ball 1-0: Called Strike 1-1: Foul Ball, location: 2F 1-2: Ball 2-2: Ball 3-2: Fly out, F7 (Flyball, 78S, EV 95.0 MPH)
|
|
Batting: LHB Vernon Ramie
|
0-0: Bunt missed! 0-1: Foul Ball, location: 2F 0-2: Ball 1-2: Ball 2-2: Ball 3-2: Strikes out swinging
|
|
Batting: RHB Tim Hulett
|
0-0: Ball 1-0: Foul Ball, location: 2F 1-1: Ball 2-1: Ball 3-1: Base on Balls
|
|
Batting: LHB Ty Van Burkleo
|
0-0: Called Strike 0-1: Ball 1-1: Foul Ball, location: 2F 1-2: Ground out 4-3 (Groundball, 34, EV 99.4 MPH)
|
| Bottom of the 2nd over - 0 runs, 0 hits, 0 errors, 1 left on base; Colon 3 - Merida 0 |
| TOP OF THE 3RD |
|
Colon Scallywags batting - Pitching for Merida Olas : RHP Danny Darwin
|
|
Batting: RHB Marty G Barrett
|
0-0: Foul Ball, location: 2F 0-1: Ball 1-1: Ball 2-1: Ball 3-1: Ground out 6-3 (Groundball, 6, EV 101.3 MPH)
|
|
Batting: SHB Jordan Ayala
|
0-0: Ball 1-0: Foul Ball, location: 2F 1-1: Ground out 4-3 (Groundball, 4, EV 84.4 MPH)
|
|
Batting: RHB Joe Carter
|
0-0: Called Strike 0-1: Ball 1-1: DOUBLE (Line Drive, 9LS, EV 113.8 MPH)
|
|
Batting: LHB Sid Bream
|
0-0: Ball 1-0: Called Strike 1-1: Ground out 4-3 (Groundball, 4, EV 85.0 MPH)
|
| Top of the 3rd over - 0 runs, 1 hit, 0 errors, 1 left on base; Colon 3 - Merida 0 |
| BOTTOM OF THE 3RD |
|
Merida Olas batting - Pitching for Colon Scallywags : LHP David Wells
|
|
Batting: RHB Nick Hernandez
|
0-0: Called Strike 0-1: Foul Ball, location: 2F 0-2: Ground out 5-3 (Groundball, 5, EV 81.9 MPH)
|
|
Batting: LHB La Schelle Tarver
|
0-0: Ball 1-0: Ground out 4-3 (Groundball, 4M, EV 86.3 MPH)
|
|
Batting: RHB Bob Bathe
|
0-0: Ball 1-0: Ball 2-0: Called Strike 2-1: Ball 3-1: SOLO HOME RUN (Flyball, 7D, EV 103.1 MPH), Distance : 416 ft
|
|
Batting: LHB Gary Jones
|
0-0: Ball 1-0: Called Strike 1-1: Foul Ball, location: 2F 1-2: Foul Ball, location: 2F 1-2: Foul Ball, location: 2F 1-2: Ball 2-2: Foul Ball, location: 2F 2-2: Ball 3-2: Strikes out swinging
|
| Bottom of the 3rd over - 1 run, 1 hit, 0 errors, 0 left on base; Colon 3 - Merida 1 |
| TOP OF THE 4TH |
|
Colon Scallywags batting - Pitching for Merida Olas : RHP Danny Darwin
|
|
Batting: SHB Johnny Ray
|
0-0: Called Strike 0-1: Fly out, F8 (Flyball, 8LD, EV 78.1 MPH)
|
|
Batting: RHB Gerry Davis
|
0-0: Ball 1-0: Swinging Strike 1-1: Fly out, F9 (Flyball, 89S, EV 72.5 MPH)
|
|
Batting: RHB Edwin Agudelo
|
0-0: Ball 1-0: Foul Ball, location: 2F 1-1: Ground out 6-3 (Groundball, 6, EV 88.8 MPH)
|
| Top of the 4th over - 0 runs, 0 hits, 0 errors, 0 left on base; Colon 3 - Merida 1 |
| BOTTOM OF THE 4TH |
|
Merida Olas batting - Pitching for Colon Scallywags : LHP David Wells
|
|
Batting: LHB Ronald Little
|
0-0: Called Strike 0-1: Foul Ball, location: 2F 0-2: SINGLE (Line Drive, 78M, EV 103.8 MPH)
|
|
Batting: LHB Mike L Hart
|
0-0: Ball 1-0: Ball 2-0: Ball 3-0: Called Strike 3-1: SINGLE (Line Drive, 4D, EV 100.0 MPH) Ronald Little to second
|
|
Batting: LHB Vernon Ramie
|
0-0: Called Strike 0-1: Ball 1-1: Ball 2-1: SINGLE (Flyball, 8LS, EV 100.0 MPH) Ronald Little to third Mike L Hart to second Runner from 3rd tries for Home, SAFE, throw by CF to home
|
|
Batting: RHB Tim Hulett
|
0-0: Ball 1-0: Ball 2-0: Ball 3-0: Called Strike 3-1: Foul Ball, location: 2F 3-2: Fielders Choice at 2nd, 3-6 (Groundball, 3, EV 91.9 MPH) Mike L Hart to third
|
|
Batting: LHB Ty Van Burkleo
|
0-0: Ball 1-0: Ball 2-0: Called Strike 2-1: Ball 3-1: Fielders Choice at 2nd, 5-4 (Groundball, 5, EV 93.8 MPH) Mike L Hart scores
|
|
Batting: RHB Nick Hernandez
|
0-0: Called Strike 0-1: Ball 1-1: Called Strike 1-2: Strikes out swinging
|
| Bottom of the 4th over - 2 runs, 3 hits, 0 errors, 1 left on base; Colon 3 - Merida 3 |
| TOP OF THE 5TH |
|
Colon Scallywags batting - Pitching for Merida Olas : RHP Danny Darwin
|
|
Batting: RHB Alejandro Luna
|
0-0: Ground out 6-3 (Groundball, 6, EV 77.5 MPH)
|
|
Batting: RHB Phil Bradley
|
0-0: Called Strike 0-1: Ball 1-1: Fly out, F8 (Line Drive, 8RM, EV 96.9 MPH)
|
|
Batting: RHB Marty G Barrett
|
0-0: Called Strike 0-1: Swinging Strike 0-2: Ball 1-2: Fly out, F9 (Flyball, 9LM, EV 88.8 MPH)
|
| Top of the 5th over - 0 runs, 0 hits, 0 errors, 0 left on base; Colon 3 - Merida 3 |
| BOTTOM OF THE 5TH |
|
Merida Olas batting - Pitching for Colon Scallywags : LHP David Wells
|
|
Batting: LHB La Schelle Tarver
|
0-0: Foul Ball, location: 2F 0-1: Ball 1-1: Foul Ball, location: 2F 1-2: Ball 2-2: Fly out, F8 (Flyball, 8RS, EV 95.0 MPH)
|
|
Batting: RHB Bob Bathe
|
0-0: Ball 1-0: Ground out 1-3 (Groundball, 15S, EV 68.1 MPH)
|
|
Batting: LHB Gary Jones
|
0-0: Ground out 1-3 (Groundball, 23, EV 70.0 MPH)
|
| Bottom of the 5th over - 0 runs, 0 hits, 0 errors, 0 left on base; Colon 3 - Merida 3 |
| TOP OF THE 6TH |
|
Colon Scallywags batting - Pitching for Merida Olas : RHP Danny Darwin
|
|
Batting: SHB Jordan Ayala
|
0-0: Ball 1-0: Ball 2-0: Ball 3-0: Called Strike 3-1: Foul Ball, location: 2F 3-2: SINGLE (Line Drive, 8RS, EV 106.3 MPH)
|
|
Batting: RHB Joe Carter
|
0-0: Ball 1-0: Called Strike 1-1: 2-RUN HOME RUN (Flyball, 7D, EV 87.5 MPH), Distance : 398 ft
|
|
Pitching: LHP Sid Fernandez
|
|
|
Batting: LHB Sid Bream
|
0-0: Called Strike 0-1: Ball 1-1: Foul Ball, location: 2F 1-2: Strikes out swinging
|
|
Batting: SHB Johnny Ray
|
0-0: Foul Ball, location: 2F 0-1: Ball 1-1: Ball 2-1: Called Strike 2-2: Foul Ball, location: 2F 2-2: Foul Ball, location: 2F 2-2: Strikes out swinging
|
|
Batting: RHB Gerry Davis
|
0-0: Ball 1-0: Ball 2-0: Called Strike 2-1: Ball 3-1: Called Strike 3-2: Base on Balls
|
|
Batting: RHB Edwin Agudelo
|
0-0: Ball 1-0: Fly out, F9 (Line Drive, 9, EV 93.8 MPH)
|
| Top of the 6th over - 2 runs, 2 hits, 0 errors, 1 left on base; Colon 5 - Merida 3 |
| BOTTOM OF THE 6TH |
|
Merida Olas batting - Pitching for Colon Scallywags : LHP David Wells
|
|
Batting: LHB Ronald Little
|
0-0: Foul Ball, location: 2F 0-1: Ball 1-1: Fly out, F8 (Flyball, 89M, EV 76.9 MPH)
|
|
Batting: LHB Mike L Hart
|
0-0: Fly out, F8 (Flyball, 8LXD, EV 80.0 MPH)
|
|
Batting: LHB Vernon Ramie
|
0-0: Ball 1-0: Foul Ball, location: 2F 1-1: Swinging Strike 1-2: Ground out U3 (Groundball, 3S, EV 76.3 MPH)
|
| Bottom of the 6th over - 0 runs, 0 hits, 0 errors, 0 left on base; Colon 5 - Merida 3 |
| TOP OF THE 7TH |
|
Colon Scallywags batting - Pitching for Merida Olas : LHP Sid Fernandez
|
|
Batting: RHB Alejandro Luna
|
0-0: Ball 1-0: Foul Ball, location: 2F 1-1: Foul Ball, location: 2F 1-2: Ball 2-2: Foul Ball, location: 2F 2-2: Foul Ball, location: 2F 2-2: Foul Ball, location: 2F 2-2: Foul Ball, location: 2F 2-2: Foul Ball, location: 2F 2-2: Strikes out swinging
|
|
Batting: RHB Phil Bradley
|
0-0: Called Strike 0-1: Called Strike 0-2: Strikes out swinging
|
|
Batting: RHB Marty G Barrett
|
0-0: Ball 1-0: Ball 2-0: Ball 3-0: Called Strike 3-1: Foul Ball, location: 2F 3-2: Base on Balls
|
|
Batting: SHB Jordan Ayala
|
0-0: Ball Marty G Barrett is caught stealing 2nd base 2-4
|
| Top of the 7th over - 0 runs, 0 hits, 0 errors, 0 left on base; Colon 5 - Merida 3 |
| BOTTOM OF THE 7TH |
|
Merida Olas batting - Pitching for Colon Scallywags : LHP David Wells
|
|
Now at SS: Alex Zermeno
|
|
|
Batting: RHB Tim Hulett
|
0-0: Called Strike 0-1: Ball 1-1: Called Strike 1-2: Foul Ball, location: 2F 1-2: Ball 2-2: Ball 3-2: SINGLE (Line Drive, 7LM, EV 101.9 MPH)
|
|
Batting: LHB Ty Van Burkleo
|
0-0: Ball 1-0: Called Strike 1-1: Called Strike 1-2: Ball 2-2: Ball 3-2: Fielders Choice at 2nd, 4-6 (Groundball, 4S, EV 83.8 MPH)
|
|
Pitching: RHP Willie Mueller
|
|
|
Batting: RHB Nick Hernandez
|
0-0: Ball 1-0: Called Strike 1-1: Foul Ball, location: 2F 1-2: Foul Ball, location: 2F 1-2: Fly out, F9 (Flyball, 9, EV 90.0 MPH)
|
|
Batting: LHB La Schelle Tarver
|
0-0: Foul Ball, location: 2F 0-1: Swinging Strike 0-2: Foul Ball, location: 2F 0-2: Strikes out swinging
|
| Bottom of the 7th over - 0 runs, 1 hit, 0 errors, 1 left on base; Colon 5 - Merida 3 |
| TOP OF THE 8TH |
|
Colon Scallywags batting - Pitching for Merida Olas : LHP Sid Fernandez
|
|
Batting: SHB Jordan Ayala
|
0-0: Ball 1-0: Foul Ball, location: 2F 1-1: Called Strike 1-2: Foul Ball, location: 2F 1-2: Foul Ball, location: 2F 1-2: Strikes out swinging
|
|
Batting: RHB Joe Carter
|
0-0: Ball 1-0: Called Strike 1-1: Ball 2-1: Foul Ball, location: 2F 2-2: Strikes out swinging
|
|
Batting: LHB Sid Bream
|
0-0: Called Strike 0-1: Ball 1-1: Ball 2-1: Foul Ball, location: 2F 2-2: Ball 3-2: Foul Ball, location: 2F 3-2: Base on Balls
|
|
Batting: SHB Johnny Ray
|
0-0: Ball 1-0: SINGLE (Groundball, 56D, EV 97.5 MPH) Sid Bream to second
|
|
Batting: RHB Gerry Davis
|
0-0: Ball 1-0: Called Strike 1-1: Ball 2-1: SINGLE (Line Drive, 8RS, EV 95.0 MPH) Sid Bream to third Johnny Ray to second Runner from 3rd tries for Home, throw by CF and OUT! 8-2
|
| Top of the 8th over - 0 runs, 2 hits, 0 errors, 2 left on base; Colon 5 - Merida 3 |
| BOTTOM OF THE 8TH |
|
Merida Olas batting - Pitching for Colon Scallywags : RHP Willie Mueller
|
|
Now at 1B: Terry Lee
|
|
|
Now at 3B: Dave Aponte
|
|
|
Batting: RHB Bob Bathe
|
0-0: Fly out, F5 (Popup, 5SF, EV 70.0 MPH)
|
|
Batting: LHB Gary Jones
|
0-0: Ground out 4-3 (Groundball, 34D, EV 108.1 MPH)
|
|
Batting: LHB Ronald Little
|
0-0: Ball 1-0: Called Strike 1-1: Ball 2-1: Fly out, F7 (Line Drive, 7, EV 93.8 MPH)
|
| Bottom of the 8th over - 0 runs, 0 hits, 0 errors, 0 left on base; Colon 5 - Merida 3 |
| TOP OF THE 9TH |
|
Colon Scallywags batting - Pitching for Merida Olas : LHP Sid Fernandez
|
|
Batting: RHB Edwin Agudelo
|
0-0: Ball 1-0: Ball 2-0: Called Strike 2-1: Ball 3-1: Base on Balls
|
|
Pitching: RHP Walt Terrell
|
|
|
Batting: RHB Alex Zermeno
|
0-0: Ball 1-0: Ball 2-0: Sac Bunt to 5S - play at first, batter OUT! 5-4 Edwin Agudelo to second
|
|
Batting: RHB Phil Bradley
|
0-0: Ball 1-0: Ball 2-0: TRIPLE (Flyball, 78XD, EV 100.6 MPH) Edwin Agudelo scores
|
|
Batting: RHB Marty G Barrett
|
0-0: Ball 1-0: Called Strike 1-1: Ball 2-1: Ball 3-1: Base on Balls
|
|
Batting: SHB Jordan Ayala
|
0-0: Foul Ball, location: 2F 0-1: Ball Marty G Barrett is caught stealing 2nd base 2-6 1-1: Ball 2-1: Ball 3-1: Base on Balls
|
|
Batting: RHB Joe Carter
|
0-0: Ball 1-0: Fly out, F4 (Flyball, 4D, EV 86.3 MPH)
|
| Top of the 9th over - 1 run, 1 hit, 0 errors, 2 left on base; Colon 6 - Merida 3 |
| BOTTOM OF THE 9TH |
|
Merida Olas batting - Pitching for Colon Scallywags : RHP Willie Mueller
|
|
Pitching: RHP Oscar Silva
|
|
|
Batting: LHB Mike L Hart
|
0-0: Called Strike 0-1: Ball 1-1: Ball 2-1: Ball 3-1: Foul Ball, location: 2F 3-2: Foul Ball, location: 2F 3-2: Foul Ball, location: 2F 3-2: Strikes out looking
|
|
Batting: LHB Vernon Ramie
|
0-0: Swinging Strike 0-1: Foul Ball, location: 2F 0-2: Ball 1-2: Strikes out swinging
|
|
Batting: RHB Tim Hulett
|
0-0: Called Strike 0-1: Foul Ball, location: 2F 0-2: Ball 1-2: Ball 2-2: Ball 3-2: Strikes out looking
|
| Bottom of the 9th over - 0 runs, 0 hits, 0 errors, 0 left on base; Colon 6 - Merida 3 |
|